AoeStats
← GORGORY

Arena

504611232Analyzed
1v1 RM · 27d ago on Sep 5, 2026· 33m 12s· 2 players
Game mode
Random Map
Map size
Tiny (2 player)
Population
200
Speed
Normal
Resources
Standard
Victory
Conquest
Starting age
Dark Age
Ending age
Imperial Age
RankedLock teamsTeams togetherTeam positionsShared explorationLock speedFull tech treeHidden civsTurbo modeCheats
Victory
Defeat
🇦🇷 Ethiopians · Argentina
1023
+15
🇦🇷 Burgundians · Argentina
1000
-45
Doggy
5:14 Loom
7:12 Wheelbarrow
12:38 Feudal Age
13:07 Double-Bit Axe
13:06 Horse Collar
13:14 Town Watch
16:47 Scale Barding Armor
17:24 Forging
18:59 Hand Cart
19:26 Heavy Plow
25:13 Bow Saw
27:22 Castle Age
27:32 Arson
27:09 Man-at-Arms
28:38 Squires
29:16 Long Swordsman
32:27 Gold Mining
32:29 Stone Mining
32:43 Town Patrol
GORGORY
5:50 Loom
8:57 Feudal Age
9:27 Double-Bit Axe
9:24 Horse Collar
13:11 Wheelbarrow
17:13 Castle Age
15:48 Stone Mining
16:17 Gold Mining
19:48 Bow Saw
20:43 Fervor
22:54 Sanctity
23:25 Heavy Plow
24:48 Town Watch
25:43 Squires
25:29 Arson
26:06 Forging
25:56 Scale Mail Armor
26:58 Hand Cart
28:08 Iron Casting
27:48 Chain Mail Armor
30:20 Ballistics
29:56 Murder Holes
30:46 Royal Heirs
33:16 Gold Shaft Mining
33:20 Stone Shaft Mining
Connection lost

Rejoining the realm…

Still unreachable

The connection could not be restored.

Session expired

The server has moved on; the page needs a fresh start.